AoeStats
← Savy

Arabia

510279806Analyzed
1v1 RM · 24h ago on Sep 30, 2026· 16m 57s· 2 players
Game mode
Random Map
Map size
Tiny (2 player)
Population
200
Speed
Normal
Resources
Standard
Victory
Conquest
Starting age
Dark Age
Ending age
Imperial Age
RankedLock teamsTeams togetherTeam positionsShared explorationLock speedFull tech treeHidden civsTurbo modeCheats
Victory
Defeat
🇮🇳 Romans · India
1240
+14
🇪🇸 Berbers · Spain
1196
-14
Baco
6:55 Loom
9:35 Feudal Age
13:00 Town Watch
13:05 Double-Bit Axe
15:08 Fletching
17:20 Padded Archer Armor
Savy
5:39 Loom
8:56 Feudal Age
9:27 Man-at-Arms
14:08 Fletching
Connection lost

Rejoining the realm…

Still unreachable

The connection could not be restored.

Session expired

The server has moved on; the page needs a fresh start.